Map: [ESL] Royal Blood

Players

soO - Winner!

  • Race: Zerg Zerg

Ryung

  • Race: Terran Terran
  • League: Diamond

Event: IEM Katowice 2023

VOD

Have the link to the VOD?

Description

Time

  • Played on: Feb. 8, 2023, 5:27 a.m.
  • Length: 12:19

All games in this series

Show
View Real Time Build Order
Export as new Build Order

soO Zerg - Winner!

Build Orders: Hatch First 

Get SALT Encoding   

  12  0:00  Drone  
  13  0:11  Overlord  
  13  0:16  Drone  
  14  0:30  Drone x2  
  16  0:47  Hatchery  
  15  0:50  Drone  
  15  0:54  Drone  
  17  0:57  Drone  
  18  1:08  Extractor  
  17  1:12  Spawning Pool  
  17  1:15  Drone  
  17  1:19  Drone  
  18  1:28  Drone  
  19  1:38  Drone  
  20  1:49  Drone  
  21  1:59  Queen x2, Zergling x4  
  27  2:09  Overlord  
  27  2:11  Drone  
  28  2:20  Hatchery  
  28  2:22  Drone  
  28  2:29  Drone  
  29  2:33  Drone x2  
  31  2:37  Queen  
  33  2:44  Overlord  
  33  2:45  Drone  
  33  2:50  Metabolic Boost  
  34  2:54  Overlord  
  34  2:56  Drone  
  35  3:03  Drone x2  
  37  3:09  Drone x2  
  37  3:10  Drone  
  40  3:13  Queen  
  40  3:16  Drone  
  40  3:17  Drone  
  44  3:26  Drone  
  45  3:27  Drone  
  45  3:33  Drone, Queen  
  49  3:37  Drone x2  
  49  3:41  Drone x2  
  53  3:44  Drone  
  54  3:48  Drone  
  54  3:49  Overlord  
  54  3:50  Queen  
  57  3:56  Drone  
  57  3:58  Overlord  
  57  4:01  Overlord  
  58  4:06  Overlord  
  58  4:07  Overlord  
  58  4:08  Drone x3  
  61  4:11  Queen  
  61  4:17  Drone x2  
  65  4:18  Drone  
  65  4:21  Drone x4  
  65  4:23  Drone x2  
  72  4:28  Zergling x4  
  72  4:30  Drone x3  
  77  4:33  Queen  
  79  4:40  Spore Crawler  
  79  4:41  Baneling Nest  
  79  4:42  Drone x2  
  79  4:43  Lair  
  79  4:44  Drone  
  80  4:45  Drone  
  80  4:46  Drone  
  80  4:50  Queen  
  80  4:51  Drone  
  85  4:54  Drone  
  85  4:56  Spore Crawler  
  85  4:58  Drone x3  
  87  5:00  Drone  
  87  5:04  Drone x2  
  87  5:05  Drone  
  87  5:06  Drone  
  91  5:07  Drone  
  91  5:08  Extractor  
  91  5:09  Extractor x3, Drone  
  89  5:18  Drone x2  
  91  5:22  Drone, Evolution Chamber x2  
  91  5:23  Extractor, Drone  
  91  5:24  Drone  
  90  5:30  Zergling x10  
  90  5:31  Hatchery  
  94  5:48  Zergling x8  
  94  5:49  Overlord  
  97  5:51  Overlord  
  97  5:54  Overlord  
  97  5:56  Overlord, Zerg Melee Weapons Level 1, Zerg Ground Armor Level 1  
  97  5:58  Overlord  
  97  6:02  Overlord  
  97  6:03  Overlord  
  97  6:07  Overlord  
  97  6:09  Drone x3  
  97  6:10  Drone x3  
  97  6:11  Drone, Hydralisk Den  
  100  6:30  Zergling x6  
  99  6:36  Zergling x10  
  104  6:40  Hatchery  
  104  6:42  Grooved Spines  
  104  6:43  Baneling x10  
  104  6:44  Hydralisk x5  
  113  6:47  Drone  
  113  6:48  Drone  
  113  6:49  Drone  
  113  6:52  Hydralisk  
  113  6:54  Drone  
  119  7:00  Hydralisk x2  
  123  7:03  Hydralisk x2  
  123  7:05  Drone x2  
  123  7:07  Hydralisk x2  
  123  7:08  Zergling x4  
  135  7:10  Centrifugal Hooks  
  135  7:13  Hydralisk x2  
  139  7:16  Overlord  
  139  7:18  Zergling x6  
  139  7:19  Zergling x2  
  143  7:24  Hydralisk x2, Zergling x2  
  143  7:29  Hydralisk  
  151  7:30  Zergling x4  
  151  7:35  Overlord  
  148  7:41  Hydralisk  
  148  7:42  Zergling x20  
  148  7:45  Zergling x2  
  148  7:47  Zergling x2  
  148  7:48  Zergling x4  
  150  7:53  Muscular Augments  
  149  7:59  Zergling x4  
  149  8:00  Zergling x4  
  149  8:01  Zergling x2  
  149  8:02  Zergling x4  
  145  8:06  Hydralisk  
  145  8:07  Hydralisk  
  145  8:08  Hydralisk x2  
  145  8:11  Zergling x12  
  136  8:14  Hydralisk x3  
  136  8:15  Zergling x4  
  136  8:17  Zergling x2  
  136  8:19  Queen  
  129  8:25  Zergling x14  
  131  8:28  Zergling x2  
  124  8:34  Hydralisk x3  
  124  8:36  Zergling x2  
  128  8:42  Baneling x3  
  128  8:43  Baneling x7, Hydralisk  
  128  8:44  Zergling x8  
  128  8:47  Zerg Ground Armor Level 2, Zergling x2  
  135  8:51  Zergling x2  
  135  8:52  Zergling x8  
  135  8:55  Hydralisk, Zergling x2  
  130  8:57  Hydralisk  
  130  8:59  Zerg Melee Weapons Level 2  
  130  9:03  Zergling x4  
  130  9:07  Zergling x4  
  134  9:10  Queen, Zergling x6  
  134  9:14  Baneling x4  
  134  9:15  Zergling x6  
  142  9:18  Baneling x3  
  142  9:19  Zergling x4  
  142  9:20  Zergling x4  
  146  9:24  Zergling x8  
  148  9:33  Drone  
  149  9:40  Zergling x20  
  149  9:43  Hatchery  
  158  9:45  Infestation Pit  
  158  9:50  Zergling x16  
  165  9:53  Overlord  
  165  9:56  Zergling x10  
  148  10:08  Zergling x18  
  151  10:19  Zergling x16  
  151  10:21  Drone, Queen  
  157  10:25  Hive  
  158  10:29  Baneling  
  158  10:30  Baneling x13  
  158  10:32  Zergling x12  
  158  10:33  Overlord  
  164  10:36  Overseer  
  164  10:41  Baneling x12  
  164  10:43  Zergling x10  
  169  10:53  Zergling x8  
  169  10:54  Zergling x8  
  175  10:57  Zergling x2  
  175  10:58  Baneling, Zergling x8  
  175  10:59  Overseer  
  175  11:01  Baneling x4  
  180  11:06  Zergling x2  
  180  11:07  Zergling x10  
  186  11:19  Drone x2  
  186  11:21  Baneling x2  
  186  11:24  Overlord x2  
  188  11:27  Overlord  
  188  11:30  Overlord  
  178  11:36  Zergling x2  
  178  11:37  Zergling x30  
  157  11:41  Zergling x8  
  157  11:46  Zergling x6  
  139  11:54  Zergling x12  
  139  11:55  Zergling x12  
  139  11:57  Zergling x2  
Show
View Real Time Build Order
Export as new Build Order

Ryung Terran 

Build Orders: Hellion Opening, Reaper Expand 

Get SALT Encoding   

  12  0:00  SCV  
  13  0:12  SCV  
  14  0:16  Supply Depot  
  14  0:24  SCV  
  15  0:38  SCV  
  15  0:40  Barracks  
  15  0:42  Refinery  
  16  0:50  SCV  
  17  1:02  SCV  
  18  1:14  SCV  
  19  1:26  Reaper  
  19  1:27  Orbital Command  
  20  1:38  Command Center  
  20  1:48  Supply Depot  
  20  1:53  SCV  
  21  1:58  Marine  
  22  2:05  SCV  
  23  2:12  Factory  
  23  2:17  SCV  
  23  2:20  Barracks Reactor  
  24  2:29  SCV  
  25  2:37  Command Center  
  25  2:41  SCV  
  26  2:44  Refinery  
  26  2:52  Orbital Command  
  26  2:53  SCV  
  27  3:01  Starport  
  27  3:05  SCV  
  28  3:13  Hellion x2  
  28  3:16  Barracks Tech Lab  
  32  3:20  SCV  
  32  3:21  SCV  
  34  3:32  SCV  
  34  3:33  SCV  
  36  3:35  Hellion x2  
  40  3:44  Raven  
  40  3:45  SCV x2  
  44  3:49  Marine  
  44  3:52  Orbital Command  
  45  3:57  SCV x2  
  45  3:58  Hellion  
  45  3:59  Hellion  
  51  4:08  Supply Depot  
  51  4:09  SCV  
  52  4:11  SCV  
  52  4:12  Barracks Tech Lab  
  53  4:19  SCV  
  53  4:20  Liberator  
  53  4:21  SCV  
  53  4:23  SCV  
  59  4:25  Barracks  
  59  4:31  SCV  
  59  4:32  Marine  
  59  4:33  Barracks, SCV  
  59  4:34  Factory Reactor  
  59  4:36  Supply Depot  
  62  4:40  Orbital Command, SCV  
  62  4:45  SCV  
  64  4:49  Engineering Bay  
  64  4:50  Engineering Bay  
  64  4:52  Refinery  
  64  4:54  Refinery  
  64  4:58  SCV x2  
  66  5:01  Marine  
  66  5:06  SCV  
  68  5:09  Stimpack  
  68  5:10  SCV x2  
  68  5:12  Starport Reactor  
  70  5:16  Barracks  
  70  5:18  Barracks, SCV  
  70  5:19  Terran Infantry Armor Level 1, Terran Infantry Weapons Level 1  
  71  5:22  SCV, Supply Depot  
  71  5:26  SCV  
  73  5:30  Siege Tank  
  76  5:36  Marine  
  76  5:42  Supply Depot  
  77  5:43  Marine x4  
  77  5:44  SCV x3  
  84  5:52  Supply Depot  
  84  5:54  Marine  
  85  6:03  Marine x2, Medivac x2  
  85  6:04  SCV x2  
  93  6:05  Barracks Reactor x2  
  93  6:13  Marine x3, Siege Tank, SCV  
  93  6:16  SCV  
  93  6:17  Supply Depot  
  93  6:18  SCV  
  101  6:21  Marine x2  
  100  6:25  SCV  
  100  6:29  SCV  
  100  6:30  SCV  
  101  6:33  Supply Depot  
  101  6:37  Marine x3, SCV, Supply Depot x2  
  101  6:39  Marine x2  
  107  6:42  SCV x2  
  107  6:44  Armory  
  109  6:49  Siege Tank, Combat Shield  
  112  6:55  Marine  
  112  6:58  Marine x4  
  112  6:59  Marine x3  
  112  7:00  Marine  
  121  7:03  Medivac  
  121  7:04  Refinery  
  121  7:05  Medivac  
  121  7:06  SCV  
  121  7:08  SCV  
  127  7:13  Marine  
  128  7:15  Marine  
  128  7:16  Marine x3  
  128  7:17  Marine  
  128  7:19  Marine  
  128  7:20  Marine  
  128  7:21  Marine  
  136  7:28  Supply Depot  
  136  7:31  Marine  
  136  7:33  Marine x2  
  136  7:34  Marine x2  
  136  7:36  Marine  
  136  7:37  Marine x2  
  136  7:40  Marine  
  136  7:42  Siege Tank  
  136  7:44  SCV x2  
  133  7:45  SCV  
  133  7:48  Marine  
  132  7:51  Marine x3  
  132  7:52  Marine  
  132  7:54  Marine  
  132  7:55  Marine  
  138  8:01  Marine x2  
  138  8:02  Terran Infantry Weapons Level 2  
  123  8:06  Marine  
  123  8:09  Marine  
  123  8:10  Marine x2  
  123  8:11  Marine x2  
  119  8:14  Siege Tank  
  119  8:16  Medivac x2  
  119  8:17  Marine  
  117  8:23  Marine x2  
  117  8:29  Terran Infantry Armor Level 2  
  117  8:30  Marine x2  
  117  8:31  Marine  
  114  8:35  Marine x2  
  114  8:36  Marine x2  
  114  8:38  Command Center  
  114  8:41  Marine x2  
  114  8:43  Terran Vehicle Weapons Level 1  
  114  8:48  Marine x2  
  116  8:49  Marine  
  116  8:52  Marine x2  
  116  8:53  Marine  
  116  8:54  Marine  
  111  8:58  Siege Tank  
  111  8:59  Marine x2  
  105  9:06  Marine x3  
  105  9:08  Factory, Sensor Tower  
  108  9:10  Marine x2  
  108  9:11  Marine x2, Barracks  
  108  9:12  Barracks  
  108  9:13  Barracks  
  108  9:14  SCV x3  
  108  9:16  Marine  
  116  9:17  Marine  
  116  9:22  Medivac x2  
  116  9:24  Marine  
  122  9:26  SCV x3  
  122  9:29  Marine x2  
  122  9:30  Marine x4  
  130  9:34  Siege Tank  
  133  9:39  Marine x2  
  133  9:41  Marine, SCV  
  133  9:42  SCV x2  
  139  9:47  Marine x3  
  139  9:50  Marine x3  
  142  9:56  Medivac x2  
  142  9:57  Marine x2  
  142  9:58  Marine  
  142  9:59  Marine x3  
  149  10:05  Marine x3  
  136  10:08  Marine x3  
  136  10:12  SCV x2  
  140  10:14  Marine x2, Sensor Tower  
  140  10:16  Marine  
  140  10:17  Marine x3, SCV  
  141  10:23  Marine  
  141  10:24  SCV  
  141  10:26  Supply Depot  
  141  10:27  Factory Tech Lab, Supply Depot  
  143  10:29  Siege Tank  
  143  10:34  Medivac x2  
  150  10:37  Marine x2  
  150  10:38  Marine  
  150  10:39  Barracks Tech Lab  
  150  10:41  Marine x2  
  155  10:54  Barracks Tech Lab x2  
  155  10:55  Siege Tank  
  158  11:02  Marine x8  
  166  11:08  Siege Tank  
  166  11:10  Marine x2  
  171  11:16  Supply Depot x2  
  171  11:32  Liberator  
  170  11:34  Marine x5, Siege Tank, Liberator  
  170  11:35  Marine  
  170  11:36  Marine x5, Marauder  
  114  11:52  Marine x6  
  114  11:54  Marine x5  
  104  11:57  Marine  

Tags
 
Add a new tag
Caveats
  • Supply blocks, unpowered buildings, or Contaminate may cause inaccurate times.
  • Supply counts are checked every 10 seconds.